 Dungeon Sprint DCSS version 0.19.1 (webtiles) character file.

1207 dvd the Fighter (level 8, -4/75 HPs)
             Began as a Demonspawn Berserker on Dec 22, 2016.
             Was a Priest of Trog.
             Succumbed to Sonja's poison
             ... in the Dungeon (Sprint I: "Red Sonja").
             The game lasted 00:03:17 (876 turns).

dvd the Fighter (Demonspawn Berserker)               Turns: 876, Time: 00:03:18

Health: -4/75      AC:  2    Str: 20    XL:     8   Next: 21%
Magic:  8/8        EV: 15    Int:  9    God:    Trog [***...]
Gold:   315        SH:  0    Dex: 12    Spells: 0 memorised, 7 levels left

rFire  . . .     SeeInvis .     a - +0 hand axe
rCold  . . .     Gourm    .     b - +0 animal skin
rNeg   . . .     Faith    .     (no shield)
rPois  .         Spirit   +     (no helmet)
rElec  .         Reflect  .     (no cloak)
rCorr  .         Harm     .     (no gloves)
MR     ++...     NoTele   +     (no boots)
Stlth  ++........               (no amulet)
                                (no ring)
                                (no ring)

@: lethally poisoned (-4 -> -38), exhausted, regenerating, slowed, very slow
A: talons 2, magic shield, rot immunity
a: Berserk, Trog's Hand, Burn Spellbooks, Renounce Religion


You were in the Dungeon.
You worshipped Trog.
Trog was most pleased with you.
You were not hungry.

You visited 1 branch You collected 420 gold pieces.
You spent 105 gold pieces at shops.

Inventory:

Hand Weapons
 a - a +0 hand axe (weapon)
Armour
 b - a +0 animal skin (worn)
Wands
 k - a wand of slowing (28/48)
Scrolls
 i - a scroll of blinking
Potions
 d - a potion of curing
 e - a potion of heal wounds
 f - a potion of haste
 g - 2 potions of magic
Comestibles
 c - a bread ration


   Skills:
 + Level 11.3 Fighting
 + Level 11.0 Axes
 + Level 4.5 Armour
 + Level 6.7 Dodging
 + Level 1.6 Stealth


You had 7 spell levels left.
You didn't know any spells.

Dungeon Overview and Level Annotations

Branches:
Dungeon (1/1)

Altars:
Cheibriados
Dithmenos
Elyvilon
Fedhas
Gozag
Hepliaklqana
Kikubaaqudgha
Makhleb
Nemelex Xobeh
Okawaru
Qazlal
Ru
Sif Muna
Trog
Uskayaw
Vehumet
Xom
Yredelemnul
Zin
The Shining One
Jiyva
Lugonu

Shops:
D (


Innate Abilities, Weirdness & Mutations

You have razor-sharp toenails.
When hurt, damage is shared between your health and your magic reserves.
You are immune to rotting.


Message History

Unknown command.
Unknown command.
* * * LOW HITPOINT WARNING * * *
You feel very sick.
Things that are here:
an uncursed dagger of venom; an uncursed blowgun; a curare-tipped needle Unknown command.
You are too berserk!
You feel a strong urge to attack something.
* * * LOW HITPOINT WARNING * * *
You feel very sick.
Unknown command.
You are too berserk!
Unknown command.
Unknown command.
Unknown command.
You are no longer berserk.
You are exhausted.
You feel as though you will be slow longer.
You die...

######################
#<.#..').#.)'..#__#..+
#..'..#..'..#..'..'..#
#..#####'#####'#__####
#..####..#...#.####
#..#__####..##@#
#..#_____##'#(.+
#⌠⌠#_.∩)..'..(_#
####_..__##_(#'#
#_____###(#.#
#########(### +$.$+
#$.$# ##.##


There were no monsters in sight!

Vanquished Creatures
  Sonja (D)
  A slime creature (D)
  Sigmund (D)
  A yak (D)
  An ogre (D)
  A jelly (D)
  Ijyb (D)
7 creatures vanquished.

Vanquished Creatures (others)
  A gargoyle (D)
1 creature vanquished.

Grand Total: 8 creatures vanquished

Notes
Turn   | Place    | Note
-------+----------+-------------------------------------------
     0 | D        | dvd the Demonspawn Berserker began the quest for the Orb.
     0 | D        | Reached XP level 1. HP: 18/18 MP: 1/1
     1 | D        | Noticed Ijyb
    17 | D        | Killed Ijyb
    17 | D        | Gained mutation: You are immune to rotting. [demonic ancestry]
    17 | D        | Reached XP level 2. HP: 11/26 MP: 2/2
   157 | D        | Killed a gargoyle
   199 | D        | Noticed an ogre
   207 | D        | Killed an ogre
   207 | D        | Gained mutation: You have sharp toenails. [demonic ancestry]
   207 | D        | Reached XP level 3. HP: 35/35 MP: 3/3
   207 | D        | Reached XP level 4. HP: 41/41 MP: 4/4
   248 | D        | Noticed Sigmund
   257 | D        | Killed Sigmund
   257 | D        | Reached ** piety under Trog
   257 | D        | Reached XP level 5. HP: 49/49 MP: 5/5
   316 | D        | Found a deep blue altar of Sif Muna.
   318 | D        | Found a radiant altar of Vehumet.
   325 | D        | Reached XP level 6. HP: 44/57 MP: 6/6
   396 | D        | Found Hing's Antique Weapon Emporium.
   396 | D        | Found an ancient bone altar of Kikubaaqudgha.
   396 | D        | Found a hazy altar of Hepliaklqana.
   396 | D        | Found a stormy altar of Qazlal.
   396 | D        | Found a hide-covered altar of Uskayaw.
   396 | D        | Found a blossoming altar of Fedhas.
   396 | D        | Found a bloodstained altar of Trog.
   396 | D        | Found an iron altar of Okawaru.
   396 | D        | Found a basalt altar of Yredelemnul.
   396 | D        | Found a glowing golden altar of the Shining One.
   396 | D        | Found a snail-covered altar of Cheibriados.
   396 | D        | Found a sacrificial altar of Ru.
   396 | D        | Found a glowing silver altar of Zin.
   396 | D        | Found a shadowy altar of Dithmenos.
   396 | D        | Found a white marble altar of Elyvilon.
   396 | D        | Noticed a yak
   397 | D        | Found an opulent altar of Gozag.
   408 | D        | Killed a yak
   408 | D        | Reached skill level 5 in Dodging
   409 | D        | Found a sparkling altar of Nemelex Xobeh.
   416 | D        | Bought an ichor-stained dagger for 105 gold pieces
   662 | D        | Found a viscous altar of Jiyva.
   662 | D        | Found a corrupted altar of Lugonu.
   662 | D        | Noticed a slime creature
   663 | D        | Found a burning altar of Makhleb.
   663 | D        | Found a shimmering altar of Xom.
   675 | D        | Killed a slime creature
   675 | D        | Reached *** piety under Trog
   675 | D        | Reached skill level 10 in Fighting
   675 | D        | Gained mutation: You have razor-sharp toenails. [demonic ancestry]
   675 | D        | Reached XP level 7. HP: 30/66 MP: 7/7
   853 | D        | Noticed Sonja
   873 | D        | Killed Sonja
   873 | D        | Reached skill level 1 in Stealth
   873 | D        | Gained mutation: When hurt, damage is shared between your health and your magic reserves. [demonic ancestry]
   873 | D        | Reached XP level 8. HP: 14/75 MP: 8/8
   874 | D        | HP: 5/112 [poisoned by Sonja]
   875 | D        | HP: 1/112 [poisoned by Sonja]
   876 | D        | Succumbed to Sonja's poison

Skill      XL: |  1  2  3  4  5  6  7 |
---------------+----------------------+-----
Fighting       | 4 6 8 10 11 | 11.3
Axes           | 4 6 7 8 9 11 | 11.0
Armour         | 2 3 4 |  4.5
Dodging        | 2 3 4 5 6 |  6.7
Stealth        | 1 |  1.6

Action                   |  1- 3 |  4- 6 |  7- 9 || total
-------------------------+-------+-------+-------++-------
Melee: Hand axe          |    22 |    32 |     9 ||    63
       Kick              |       |    12 |       ||    12
Invok: Berserk           |     1 |     3 |       ||     4
       Trog's Hand       |       |       |     1 ||     1
  Use: Potion            |       |       |     2 ||     2
  Eat: Chunk             |       |     2 |       ||     2
       Bread ration      |       |       |     1 ||     1
Armor: Animal skin       |     2 |       |     2 ||     4
Dodge: Dodged            |    12 |    13 |    14 ||    39
